 Dungeon Crawl Stone Soup version 0.13.0-29-gdb529de (webtiles) character file.

95 LostMyPasswordAgain the Ruinous (level 3, -2/28 HPs)
             Began as a Naga Conjurer on Nov 9, 2013.
             Slain by a worker ant (4 damage)
             ... on Level 1 of the Dungeon.
             The game lasted 00:07:51 (1625 turns).

LostMyPasswordAgain the Ruinous (Naga Conjurer)     Turns: 1625, Time: 00:07:51

HP  -2/28        AC  2     Str 10      XL: 3   Next: 68%
MP   0/5         EV 10     Int 16      God:
Gold 49          SH  0     Dex 11      Spells:  2 memorised,  1 level left

Res.Fire  : . . .   See Invis. : +   (no weapon)
Res.Cold  : . . .   Warding    : .   a - +0 robe
Life Prot.: . . .   Conserve   : .   (no shield)
Res.Poison: +       Res.Corr.  : .   (no helmet)
Res.Elec. : .       Clarity    : .   (no cloak)
Sust.Abil.: . .     Spirit.Shd : .   (no gloves)
Res.Mut.  : .       Stasis     : .   (no barding)
Res.Rott. : .       Flight     : .   (no amulet)
Saprovore : . . .                    (no ring)
                                     (no ring)

@: short of breath, very slow, slightly resistant to hostile enchantments,
fairly stealthy
A: spit poison, see invisible, deformed body, poison resistance, slowness 2, AC
+1
a: Spit Poison


You were on level 1 of the Dungeon.
You were hungry.

You visited 1 branch of the dungeon, and saw 1 of its levels.

You collected 29 gold pieces.

Inventory:

Armour
 a - a +0 robe (worn)
Comestibles
 b - a bread ration
 f - a meat ration
 l - a rotting chunk of hobgoblin flesh
Scrolls
 d - a scroll of blinking {unknown}
 j - a scroll of enchant armour {unknown}
Jewellery
 i - an uncursed ring of ice {unknown}
Potions
 e - 3 potions of heal wounds {unknown}
 g - a potion of mutation {unknown}
 h - a potion of curing {unknown}
Books
 c - a book of Conjurations

   Spells                             Type                      Level
   *Magic Dart                        Conjuration                  1
   *Searing Ray                       Conjuration                  2
   Dazzling Spray                     Conjuration/Hexes            3
   Iskenderun's Mystic Blast          Conjuration                  4
   Iskenderun's Battlesphere          Conjuration/Charms           4
   Fulminant Prism                    Conjuration/Hexes            5


   Skills:
 - Level 1.5 Dodging
 - Level 3.0 Stealth
 - Level 1.0 Spellcasting
 * Level 5.3 Conjurations


You had one spell level left.
You knew the following spells:

 Your Spells              Type           Power        Failure   Level  Hunger
a - Magic Dart            Conj           ###.         2%          1    ##.....
b - Searing Ray           Conj           ###...       4%          2    ###....


Dungeon Overview and Level Annotations

Branches:
Dungeon (1/27)

Altars:


Innate Abilities, Weirdness & Mutations

You cannot wear boots.
You can spit poison.
Your serpentine skin is tough (AC +1).
You have supernaturally acute eyesight.
Armour fits poorly on your strangely shaped body.
Your system is resistant to poisons.
You cover ground very slowly.


Message History

The worker ant is heavily wounded.
You have got your breath back.
The worker ant bites you.
* * * LOW HITPOINT WARNING * * *
Use which ability? (? or * to list)
You fail to use your ability.
The worker ant bites you but does no damage.
Use which ability? (? or * to list)
Press: ? - help, Shift-Dir - straight line, f/p - worker ant
Aim: a worker ant (heavily wounded)
The splash of poison hits the worker ant.
The worker ant is almost dead.
You feel slightly more hungry. The worker ant bites you.
* * * LOW HITPOINT WARNING * * *
The worker ant bites you.
* * * LOW HITPOINT WARNING * * *
You closely miss the worker ant.
The worker ant is almost dead.
The worker ant bites you.
You die...

#♣.♣.♣.♣.♣.#####......§§
####........#.####....≈≈≈§
#).♣.♣.♣.♣.♣.....#....≈...
##.#.........#.####....≈..#
#...♣.♣.♣.♣.♣..####....§..#
#..#.......(......#....≈..#
#..#♣.♣(♣#♣.♣#.####....≈≈.#
#..#......a.##....#....≈..#
#..#.#.#..@.......#....≈..#
#..#.#.#.##########....≈≈..
#..#.#.#..........#....≈...
##..#.#.##########.#....≈...
#...#.#.#......# #.#....≈≈§.
#.#####.######.# #.#....§≈≈≈
#.......# #.###.#....§≈≈≈
##############.##..#....≈≈≈≈
###.........##.##.##......≈≈


You could see a worker ant.

Vanquished Creatures
  A giant mite (D:1)
  A giant gecko (D:1)
  2 oozes (D:1)
  9 bats (D:1)
  2 hobgoblins (D:1)
  4 giant cockroaches (D:1)
  A giant newt (D:1)
  8 goblins (D:1)
  4 kobolds (D:1)
  4 rats (D:1)
36 creatures vanquished.

Notes
Turn   | Place    | Note
--------------------------------------------------------------
     0 | D:1      | LostMyPasswordAgain, the Naga Conjurer, began the quest for the Orb.
     0 | D:1      | Reached XP level 1. HP: 15/15 MP: 3/3
   123 | D:1      | Reached XP level 2. HP: 10/22 MP: 0/4
   514 | D:1      | Learned a level 2 spell: Searing Ray
   764 | D:1      | Reached XP level 3. HP: 19/28 MP: 0/5
   922 | D:1      | Reached skill level 5 in Conjurations
  1624 | D:1      | HP: 1/28 [worker ant (2)]
  1625 | D:1      | Slain by a worker ant

Action                   || total
-------------------------++-------
Melee: Unarmed           ||    51
 Cast: Magic Dart        ||    56
       Searing Ray       ||     3
 Abil: Spit Poison       ||    11
